 Dungeon Crawl Stone Soup version 0.25-a0-505-gae4569222e (webtiles) character file.

Game seed: 13239544995070202784, levelgen mode: deterministic

2241 kae the Carver (level 9, -8/82 HPs)
             Began as a Minotaur Fighter on Feb 14, 2020.
             Was a Follower of Makhleb.
             Killed from afar by Erica (20 damage)
             ... with a bolt of poison
             ... on level 8 of the Dungeon.
             The game lasted 00:04:36 (7021 turns).

kae the Carver (Minotaur Fighter)                   Turns: 7021, Time: 00:04:36

Health: -8/82      AC: 14    Str: 24    XL:     9   Next: 14%
Magic:  11/11      EV:  7    Int:  5    God:    Makhleb [*.....]
Gold:   380        SH:  9    Dex: 10    Spells: 8/8 levels left

rFire    + . .     SeeInvis .   j - +8 scimitar (holy)
rCold    . . .     Gourm    .   c - +0 kite shield
rNeg     . . .     Faith    .   b - +0 scale mail
rPois    .         Spirit   .   t - +2 hat
rElec    .         Reflect  .   g - +0 cloak
rCorr    .         Harm     .   (no gloves)
MR       .....     Clarity  +   z - +1 pair of boots
Stlth    ..........             r - amulet of regeneration
HPRegen  0.63/turn              H - ring of protection from fire
MPRegen  0.12/turn              E - +4 ring of slaying

@: lethally poisoned (-8 -> -11), very slightly contaminated
A: retaliatory headbutt, horns 2, icy blue scales 1, clarity, wild magic 1
a: Renounce Religion


You were on level 8 of the Dungeon.
You worshipped Makhleb.
Makhleb was aware of your devotion.
You were not hungry.

You visited 2 branches of the dungeon, and saw 9 of its levels.

You collected 380 gold pieces.

Inventory:

Hand Weapons
 a - a +0 long sword
 j - a +8 scimitar of holy wrath (weapon)
Armour
 b - a +0 scale mail (worn)
 c - a +0 kite shield (worn)
 g - a +0 cloak (worn)
 t - a +2 hat (worn)
 z - a +1 pair of boots (worn)
Jewellery
 r - an amulet of regeneration (around neck)
 A - a +4 ring of intelligence
 E - a +4 ring of slaying (right hand)
 H - a ring of protection from fire (left hand)
Wands
 i - a wand of flame (41)
 n - a wand of scattershot (14)
 D - a wand of random effects (15)
Scrolls
 e - a scroll of fog
 l - a scroll of teleportation
 m - a scroll of noise
 y - 7 scrolls of identify
 B - a scroll of enchant armour
Potions
 d - 3 potions of might
 q - a potion of brilliance
 s - 2 potions of haste
 u - a potion of mutation
 C - 2 potions of resistance
 I - a potion of flight
Comestibles
 f - 15 rations


   Skills:
 + Level 8.5 Fighting
 * Level 11.1 Long Blades
 - Level 3.6 Armour
 - Level 3.6 Shields
 + Level 4.5 Invocations


You had 8 spell levels left.
You didn't know any spells.
Your spell library contained the following spells:

 Spells                   Type           Power        Failure   Level  Hunger
 Animate Skeleton         Necr           N/A          100%        1    ##.....
 Apportation              Tloc           #.....       100%        1    ##.....
 Corona                   Hex            #......      100%        1    ##.....
 Summon Small Mammal      Summ           #...         100%        1    ##.....


Dungeon Overview and Level Annotations

Branches:
Dungeon (8/15)             Temple (1/1) D:4
   Lair: D:8-11

Altars:
Ashenzari
Cheibriados
Dithmenos
Elyvilon
Fedhas
Gozag
Hepliaklqana
Kikubaaqudgha
Makhleb
Nemelex Xobeh
Qazlal
Ru
Sif Muna
Uskayaw
Vehumet
Xom
Zin
The Shining One

Annotations:
D:8 Erica


Innate Abilities, Weirdness & Mutations

You reflexively headbutt those who attack you in melee.
You have a pair of horns on your head.
You are partially covered in icy blue scales. (AC +2)
You possess an exceptional clarity of mind.
Your spells are a little harder to cast, but a little more powerful.


Message History

You slice the komodo dragon!! You headbutt the komodo dragon!
The komodo dragon is heavily wounded.
You feel sick. The komodo dragon bites you!
* * * LOW HITPOINT WARNING * * *
You feel better. The komodo dragon bites you.
* * * LOW HITPOINT WARNING * * *
Okay, then.
Unknown command.
Unknown command.
Blink to where?
Press: ? - help, Dir - move target cursor You are very lightly contaminated with residual magic.
As you read the scroll of blinking, it crumbles to dust.
Erica gestures at you while chanting. You resist with significant effort.
There is a stone staircase leading up here.
Erica gestures at you while chanting. The bolt of poison hits you!!
You are poisoned.
You die...

#..# ###...
###..#######......
..............._.
#..l...l........
#..#####.####..
#..#####.## .
#....@.z..#
##.<####$## #@.#
#.# #.........#
#.$#.......
#.###.##### .# #.
.. .. ## ###


You could see Erica and a komodo dragon.

Vanquished Creatures
  Maggie (D:6)
  Edmund (D:6)
  A water moccasin (D:6)
  An orc warrior (D:7)
  A phantom (D:7)
  4 ogres
  2 centaurs
  A scorpion (D:3)
  A howler monkey (D:7)
  5 wights (D:6)
  A crimson imp (D:6)
  A bullfrog zombie (D:5)
  A hound (D:4)
  4 orc wizards
  A jelly (D:5)
  5 orc priests
  A bullfrog skeleton (D:6)
  2 iguanas
  3 worker ants
  A howler monkey zombie (D:7)
  4 gnolls (D:3)
  8 adders
  2 oozes
  An adder skeleton (D:4)
  2 worms
  3 dart slugs
  2 leopard geckos
  26 orcs
  5 giant cockroaches
  7 goblins
  8 hobgoblins
  3 jackals (D:4)
  6 kobolds
  5 quokkas
  A ball python (D:3)
  8 bats
  8 frilled lizards
  12 rats
149 creatures vanquished.

Notes
Turn   | Place    | Note
-------+----------+-------------------------------------------
     0 | D:1      | kae the Minotaur Fighter began the quest for the Orb.
     0 | D:1      | Reached XP level 1. HP: 19/19 MP: 0/0
   123 | D:1      | Reached skill level 3 in Long Blades
   130 | D:1      | Reached XP level 2. HP: 27/27 MP: 1/1
   968 | D:2      | Reached XP level 3. HP: 17/33 MP: 2/2
  1141 | D:2      | Found a radiant altar of Vehumet.
  1155 | D:2      | Reached skill level 4 in Long Blades
  1376 | D:2      | Reached XP level 4. HP: 40/41 MP: 3/3
  1832 | D:3      | Reached skill level 5 in Long Blades
  2415 | D:3      | Reached skill level 5 in Fighting
  2415 | D:3      | Reached XP level 5. HP: 28/48 MP: 4/4
  2835 | D:3      | Reached skill level 6 in Long Blades
  3094 | D:3      | Reached XP level 6. HP: 56/56 MP: 5/5
  3147 | D:3      | Reached skill level 7 in Long Blades
  3525 | D:4      | Reached XP level 7. HP: 55/63 MP: 6/6
  3696 | D:4      | Found a staircase to the Ecumenical Temple.
  3734 | Temple   | Entered the Ecumenical Temple
  3858 | Temple   | Became a worshipper of Makhleb the Destroyer
  3961 | D:4      | Found a snail-covered altar of Cheibriados.
  4263 | D:4      | Found a sacrificial altar of Ru.
  4296 | D:5      | Entered Level 5 of the Dungeon
  4327 | D:5      | Found a shattered altar of Ashenzari.
  4345 | D:5      | Reached skill level 8 in Long Blades
  4380 | D:5      | Reached skill level 1 in Invocations
  4857 | D:5      | Found a sparkling altar of Nemelex Xobeh.
  5181 | D:6      | Noticed Edmund
  5188 | D:6      | Killed Edmund
  5188 | D:6      | Reached skill level 9 in Long Blades
  5188 | D:6      | Reached XP level 8. HP: 60/73 MP: 8/8
  5395 | D:6      | Noticed Maggie
  5407 | D:6      | Gained mutation: Your spells are a little harder to cast,
                  | but a little more powerful. [potion of mutation]
  5407 | D:6      | Gained mutation: You are partially covered in icy blue
                  | scales. (AC +2) [potion of mutation]
  5407 | D:6      | Gained mutation: You possess an exceptional clarity of
                  | mind. [potion of mutation]
  5409 | D:6      | HP: 2/73 [water moccasin (2)]
  5418 | D:6      | Killed Maggie
  5422 | D:6      | Reached skill level 10 in Long Blades
  5865 | D:6      | Reached * piety under Makhleb
  6091 | D:7      | Found a hide-covered altar of Uskayaw.
  6104 | D:7      | Found a white marble altar of Elyvilon.
  6192 | D:7      | Reached XP level 9. HP: 75/82 MP: 11/11
  6221 | D:7      | Found a glowing silver altar of Zin.
  6422 | D:7      | Reached skill level 11 in Long Blades
  6518 | D:7      | Found a glowing golden altar of the Shining One.
  6998 | D:8      | Noticed Erica
  7005 | D:8      | Noticed a komodo dragon
  7011 | D:8      | Found a stormy altar of Qazlal.
  7021 | D:8      | Killed from afar by Erica

Levels and vault maps discovered:
D:1:      erik_arrival_cave_to_civilisation [erik_arrival_cave_to_temple],
          layout_basic
D:2:      layout_basic, nicolae_overflow_hidden_temple, first_ration
D:3:      minmay_octagon_keep, layout_basic, minmay_randomly_rotated_circles
D:4:      layout_loops_ring, kennysheep_little_box,
          nicolae_overflow_crystal_walls, minmay_temple_entry_mist
D:5:      layout_cave_pods, kennysheep_mini, ebering_dispersal_statue_hall,
          nemelex_dance_club_becter
D:6:      layout_basic, uniq_edmund, uniq_maggie
D:7:      layout_layer_cave, eat_drink_and_be_merry_uskayaw,
          kennysheep_mini_moat, old_standard_altar, overflow_temple_1_default
D:8:      cheibrodos_grave_circle, layout_loops_ring,
          nicolae_qazlal_style_of_elements, lemuel_crystal_altar, special_room
          [special_room_orc], uniq_erica, uniq_joseph, uniq_maurice,
          uniq_prince_ribbit1
Temple:   nicolae_temple_figure_zero

Skill      XL: |  1  2  3  4  5  6  7  8  9 |
---------------+----------------------------+-----
Long Blades    | 3 4 5 6 7 9 10 11 | 11.1
Fighting       | 4 5 6 7 8 |  8.5
Invocations    | 2 4 |  4.5
Armour         | |  3.6
Shields        | |  3.6

Action                   |  1- 3 |  4- 6 |  7- 9 || total
-------------------------+-------+-------+-------++-------
Melee: Long sword        |    90 |    88 |       ||   178
       Headbutt          |    15 |    17 |    23 ||    55
       Scimitar          |       |    54 |   121 ||   175
  Use: Potion            |       |     3 |    10 ||    13
       Scroll            |       |       |    13 ||    13
  Eat: Chunk             |     1 |     7 |    11 ||    19
Armor: Scale mail        |    46 |    48 |    34 ||   128
       Skin              |       |       |     6 ||     6
Dodge: Dodged            |    19 |    36 |    29 ||    84
Block: Kite shield       |    45 |    62 |    43 ||   150
       Rpst.: Long sword |     4 |     6 |       ||    10
       Scimitar          |       |     4 |     8 ||    12

Table legend:
 A = Non-vault XP
 B = Vault XP
 C = Vault XP percentage of total XP
 D = Non-vault monster count
 E = Vault monster count
 F = Vault count percentage of total count
                 A         B        C        D         E       F
            +---------+---------+-------+---------+---------+-------
      Total |    2388 |     814 |  25.4 |     126 |      23 |  15.4
            +---------+---------+-------+---------+---------+-------
        D:1 |      25 |       8 |  24.2 |      14 |       2 |  12.5
        D:2 |      83 |       0 |   0.0 |      30 |       0 |   0.0
        D:3 |     414 |     164 |  28.4 |      29 |      17 |  37.0
        D:4 |     122 |       0 |   0.0 |      13 |       0 |   0.0
        D:5 |     342 |     125 |  26.8 |      11 |       2 |  15.4
        D:6 |     640 |     517 |  44.7 |      13 |       2 |  13.3
        D:7 |     762 |       0 |   0.0 |      16 |       0 |   0.0
            +---------+---------+-------+---------+---------+-------
